 Dungeon Crawl Stone Soup version 0.13-a0-1502-g99810c3 (webtiles) character file.

295 Kae the Sneak (level 4, -7/21 HPs)
             Began as a Spriggan Enchanter on June 9, 2013.
             Mangled by Sigmund
             ... wielding a +1,+3 scythe
              (12 damage)
             ... on Level 3 of the Dungeon.
             The game lasted 00:03:41 (2579 turns).

Kae the Sneak (Spriggan Enchanter)                  Turns: 2579, Time: 00:03:41

HP  -7/21        AC  4     Str  5      XL: 4   Next: 69%
MP  12/12        EV 18     Int 16      God:
Gold 179         SH  0     Dex 16      Spells:  2 memorised,  4 levels left

Res.Fire  : . . .   See Invis. : +   a - +1 dagger {=f}
Res.Cold  : . . .   Warding    : .   b - +1 robe
Life Prot.: . . .   Conserve   : .   (shield restricted)
Res.Poison: .       Res.Corr.  : .   (helmet restricted)
Res.Elec. : .       Clarity    : .   u - +0 cloak
Sust.Abil.: . .     Spirit.Shd : .   (gloves unavailable)
Res.Mut.  : .       Stasis     : .   (boots unavailable)
Res.Rott. : .       Flight     : .   (no amulet)
Saprovore : . . .                    (no ring)
                                     (no ring)

@: very quick, slightly resistant to hostile enchantments, quite stealthy
A: unfitting armour, see invisible, herbivore 3, speed 3, slow metabolism 2
a: no special abilities


You were on level 3 of the Dungeon.
You were near starving.

You visited 1 branch of the dungeon, and saw 3 of its levels.

You collected 159 gold pieces.

Inventory:

Hand weapons
 a - a +1,+1 dagger (weapon) {=f}
Missiles
 d - 12 darts (quivered)
Armour
 b - a +1 robe (worn)
 t - a +0 buckler
 u - a +0 cloak (worn)
Magical devices
 x - a wand of confusion (10) {unknown}
Comestibles
 j - 2 bread rations
 k - a lychee
 p - a choko
 w - 15 grapes
Scrolls
 g - 5 scrolls of identify {unknown}
 i - a scroll of fog {unknown}
 m - a scroll of enchant weapon II {unknown}
 s - 2 scrolls of amnesia {unknown}
 v - a scroll of magic mapping {unknown}
Jewellery
 f - an uncursed ring of protection from magic {unknown}
 q - an uncursed ring of magical power {unknown}
 y - an uncursed ring of protection from fire {unknown}
Potions
 e - a potion of porridge
 h - 2 potions of heal wounds {unknown}
 l - 2 potions of speed {unknown}
 n - 3 potions of resistance {unknown}
 o - a potion of cure mutation {unknown}
 r - a potion of flight {unknown}
 z - a potion of curing {unknown}
Books
 c - a book of Maledictions

   Spells                             Type                      Level
   *Corona                            Hexes                        1
   Sure Blade                         Hexes/Charms                 2
   *Ensorcelled Hibernation           Hexes/Ice                    2
   Confuse                            Hexes                        3
   Enslavement                        Hexes                        4
   Invisibility                       Hexes                        6


   Skills:
 * Level 3.0 Short Blades
 - Level 1.1 Throwing
 - Level 3.0 Dodging
 + Level 4.7 Stealth
 + Level 2.2 Spellcasting
 + Level 4.6 Hexes


You had 4 spell levels left.
You knew the following spells:

 Your Spells              Type           Power        Failure   Level  Hunger
a - Corona                Hex            ###....      3%          1    #......
b - Ensorcelled Hibernat  Hex/Ice        #.....       14%         2    ##.....


Dungeon Overview and Level Annotations

Branches:
Dungeon (3/27)

Altars:
Ashenzari
Okawaru

Annotations
D:3 Sigmund


Innate Abilities, Weirdness & Mutations

You are tiny and cannot use many weapons and most armour.
You have supernaturally acute eyesight.
You are a herbivore.
You cover ground extremely quickly.
You need consume almost no food.


Message History

Sigmund is almost dead.
Sigmund laughs darkly.
Sigmund hits you with a glowing scythe.
* * * LOW HITPOINT WARNING * * *
You are too injured to fight recklessly!
You are too injured to fight recklessly!
You are too injured to fight recklessly!
You are too injured to fight recklessly!
You are too injured to fight recklessly!
You are too injured to fight recklessly!
You hit Sigmund but do no damage.
Sigmund is almost dead.
Sigmund closely misses you.
You hit Sigmund but do no damage.
Sigmund is almost dead.
You hit Sigmund but do no damage.
Sigmund is almost dead.
Sigmund hits you with a glowing scythe!
Ouch! That really hurt!
You die...

######
######....#
#.........######.
#.####.#.........
#.# #.#..#######
#.####.#..#######
#.#.....@.......%
#.#.##.@.........
#.#.##.#..######
#.#.##.#..#
######........[#
#...........#...
...
#.######.########
... #.# #...# ###
### #.# #.# ###.#
#.. ..###.#


You could see Sigmund.

Vanquished Creatures
  Ijyb (D:3)
  4 adders (D:2)
  A worm (D:3)
  4 giant geckos
  2 orcs
  4 giant cockroaches
  6 goblins
  6 hobgoblins
  4 jackals (D:1)
  A quokka (D:3)
  A ball python (D:2)
  4 bats
  2 giant newts
  6 kobolds
  5 rats
51 creatures vanquished.

Notes
Turn   | Place    | Note
--------------------------------------------------------------
     0 | D:1      | Kae, the Spriggan Enchanter, began the quest for the Orb.
     0 | D:1      | Reached XP level 1. HP: 9/9 MP: 4/4
    64 | D:1      | Reached XP level 2. HP: 13/13 MP: 6/6
   720 | D:1      | Reached skill level 4 in Hexes
   805 | D:2      | Learned a level 2 spell: Ensorcelled Hibernation
  1042 | D:2      | Reached XP level 3. HP: 14/16 MP: 6/9
  1353 | D:2      | Found an iron altar of Okawaru.
  1634 | D:2      | Reached XP level 4. HP: 15/21 MP: 11/11
  2135 | D:3      | Found a shattered altar of Ashenzari.
  2252 | D:3      | Noticed Ijyb
  2294 | D:3      | Killed Ijyb
  2544 | D:3      | Noticed Sigmund
  2579 | D:3      | Mangled by Sigmund

Action                   |  1- 3 |  4- 6 || total
-------------------------+-------+-------++-------
Melee: Dagger            |   150 |    85 ||   235
 Cast: Ensorcelled Hiber |    15 |     7 ||    22
 Stab: Sleeping          |    10 |     5 ||    15
